 Dungeon Crawl Stone Soup version 0.26-a0-1161-g0398aca569 (webtiles) character file.

Game seed: 17103815602995595767

462429 Morbidden the Peltast (level 23, 0/202 HPs)
             Began as a Purple Draconian Brigand on Dec 27, 2020.
             Was the Champion of Cheibriados.
             Slain by a vampire knight
             ... wielding a +0 long sword
              (17 damage)
             ... on level 2 of the Depths on Dec 28, 2020.
             The game lasted 03:02:52 (76716 turns).

Morbidden the Peltast (Purple Draconian Brigand)   Turns: 76716, Time: 03:02:53

Health: 0/202      AC: 30    Str: 39    XL:     23   Next: 64%
Magic:  15/52      EV: 26    Int: 36    God:    Cheibriados [******]
Gold:   3738       SH: 32    Dex: 29    Spells: 3/54 levels left

rFire    + . .     SeeInvis .   a - +9 demon blade (elec)
rCold    . . .     Faith    .   t - +1 tower shield
rNeg     . . .     Spirit   .   (armour unavailable)
rPois    .         Reflect  +   Z - +1 hat
rElec    +         Harm     .   W - +2 cloak
rCorr    .         Rampage  .   T - +2 pair of gloves {archery}
Will     ++++.                  r - +0 pair of boots "Doonyate" {Str+4}
Stlth    ++++++....             g - amulet of Taugeap {Reflect *Slow rF+ Will+ Str+6 SH+5}
HPRegen  0.43/turn              E - ring of Tepsooc {rElec Dex+3 Stlth+}
MPRegen  0.33/turn              M - ring of magical power

@: icy armour, very slow
A: breathe power, unfitting armour, clumsy 1, cold-blooded, AC +11
}: 1/15 runes: barnacled
a: Breathe Dispelling Energy, Renounce Religion, Bend Time, Temporal Distortion,
Slouch, Step From Time


You were on level 2 of the Depths.
You worshipped Cheibriados.
Cheibriados was exalted by your worship.
You visited 9 branches of the dungeon, and saw 43 of its levels.
You also visited: Sewer, Ossuary, Bailey and Desolation.

You collected 5816 gold pieces.
You spent 2078 gold pieces at shops.

Inventory:

Hand Weapons
 a - a +9 demon blade of electrocution (weapon)
Missiles
 c - 130 poisoned darts
 d - 9 curare-tipped darts
 e - 110 boomerangs
 x - 76 silver javelins
 z - 8 throwing nets
 N - 50 javelins
 P - 12 silver boomerangs (quivered)
Armour
 r - the +0 pair of boots "Doonyate" (worn) {Str+4}
   (You acquired it on level 10 of the Dungeon)

   It affects your strength (+4).
 t - a +1 tower shield (worn)
 L - a +2 pair of boots of stealth
 T - a +2 pair of gloves of archery (worn)
 W - a +2 cloak (worn)
 Z - a +1 hat (worn)
Magical Staves
 b - an uncursed staff of fire
 D - an uncursed staff of air
Jewellery
 g - the amulet of Taugeap (around neck) {Reflect *Slow rF+ Will+ Str+6 SH+5}
   (You found it in the Desolation of Salt)

   [amulet of reflection]

   It shields you and reflects attacks.
   It affects your strength (+6).
   It protects you from fire.
   It affects your willpower, your defense against some magical effects.
   It may slow you when you take damage.
   It affects your SH (+5).
 s - a ring of the Octopus King {AC+1 EV+1 Str+1 Int+1 Dex+1 SInv}
   (You found it on level 1 of the Vaults)

   [ring of see invisible]

   It affects your AC (+1).
   It affects your evasion (+1).
   It affects your strength (+1).
   It affects your intelligence (+1).
   It affects your dexterity (+1).
   It lets you see invisible.
 u - the ring "Puus" {rElec rF+ rC- rN+ Dex+5}
   (You took it off an imperial myrmidon in the Desolation of Salt)

   [ring of positive energy]

   It affects your dexterity (+5).
   It protects you from fire.
   It makes you vulnerable to cold.
   It insulates you from electricity.
   It protects you from negative energy.
 E - the ring of Tepsooc (left hand) {rElec Dex+3 Stlth+}
   (You acquired it on level 8 of the Dungeon)

   [ring of stealth]

   It affects your dexterity (+3).
   It insulates you from electricity.
   It makes you more stealthy.
 I - an uncursed ring of fire
 K - the ring "Biech" {rC+ Str+3 SInv}
   (You found it in the Desolation of Salt)

   [ring of see invisible]

   It affects your strength (+3).
   It protects you from cold.
   It lets you see invisible.
 M - a ring of magical power (right hand)
 R - the ring "Anacimuitz" {+Fly Int+4 Dex+4 SInv}
   (You took it off a ragged hierophant in the Desolation of Salt)

   [ring of see invisible]

   It affects your intelligence (+4).
   It affects your dexterity (+4).
   It lets you see invisible.
   It lets you fly.
Wands
 f - a wand of disintegration (37)
 h - a wand of iceblast (4)
 y - a wand of paralysis (30)
 C - a wand of digging (24)
 Q - a wand of acid (29)
Scrolls
 i - 5 scrolls of fog
 j - 28 scrolls of remove curse
 l - 7 scrolls of enchant armour
 n - 7 scrolls of teleportation
 o - 7 scrolls of blinking
 p - 3 scrolls of fear
 w - 2 scrolls of identify
 B - a scroll of holy word
 O - 14 scrolls of amnesia
 S - a scroll of brand weapon
 U - 3 scrolls of magic mapping
Potions
 k - 14 potions of flight
 q - 5 potions of magic
 v - a potion of resistance
 A - 6 potions of brilliance
 F - 8 potions of heal wounds
 G - 14 potions of curing
 H - 3 potions of invisibility
 J - 6 potions of might
 V - 4 potions of mutation
Miscellaneous
 m - a condenser vane (inert)
 X - a phantom mirror (inert)
 Y - a tin of tremorstones (2/2)


   Skills:
 * Level 16.0 Fighting
 + Level 6.0(11.1) Short Blades
 + Level 14.2(14.6) Long Blades
 + Level 0.4 Staves
 + Level 5.9 Throwing
 * Level 13.5 Dodging
 + Level 8.4 Stealth
 + Level 17.1 Shields
 * Level 7.5 Unarmed Combat
 * Level 16.1 Spellcasting
 + Level 10.7 Conjurations
 * Level 8.8 Transmutations
 + Level 9.7 Fire Magic
 + Level 11.1 Ice Magic
 + Level 1.7 Air Magic
 * Level 8.3 Earth Magic
 - Level 13.0 Invocations
 + Level 2.7 Evocations


You had 3 spell levels left.
You knew the following spells:

 Your Spells              Type           Power        Failure   Level
a - Fireball              Conj/Fire      40%          1%          5
b - Frozen Ramparts       Ice            100%         1%          3
c - Hailstorm             Conj/Ice       82%          1%          4
d - Freeze                Ice            100%         1%          1
e - Freezing Cloud        Conj/Ice/Air   36%          21%         6
f - Dragon Form           Tmut           37%          61%         7
g - Statue Form           Tmut/Erth      49%          16%         6
h - Iron Shot             Conj/Erth      39%          11%         6
s - Sticky Flame          Conj/Fire      80%          1%          4
x - Starburst             Conj/Fire      40%          8%          6
z - Ozocubu's Armour      Ice            83%          1%          3

Your spell library contained the following spells:

 Spells                   Type           Power        Failure   Level
 Beastly Appendage        Tmut           100%         1%          1
 Foxfire                  Conj/Fire      100%         1%          1
 Shock                    Conj/Air       100%         1%          1
 Sting                    Tmut/Pois      100%         1%          1
 Ensorcelled Hibernation  Hex/Ice        100%         1%          2
 Passwall                 Tmut/Erth      61%          1%          2
 Wereblood                Tmut           75%          1%          2
 Conjure Flame            Conj/Fire      80%          1%          3
 Dazzling Flash           Conj/Hex       100%         1%          3
 Ignite Poison            Fire/Tmut/Pois 65%          1%          3
 Inner Flame              Hex/Fire       59%          1%          3
 Mephitic Cloud           Conj/Pois/Air  56%          1%          3
 Spider Form              Tmut/Pois      28%          1%          3
 Static Discharge         Conj/Air       65%          1%          3
 Stone Arrow              Conj/Erth      100%         1%          3
 Swiftness                Air            41%          2%          2
 Animate Skeleton         Necr           58%          3%          1
 Apportation              Tloc           58%          3%          1
 Corona                   Hex            32%          3%          1
 Pain                     Necr           100%         3%          1
 Summon Small Mammal      Summ           100%         3%          1
 Corpse Rot               Necr/Air       N/A          3%          2
 Poisonous Vapours        Pois/Air       70%          3%          2
 Blink                    Tloc           N/A          5%          2
 Call Imp                 Summ           29%          5%          2
 Slow                     Hex            29%          5%          2
 Sublimation of Blood     Necr           14%          5%          2
 Call Canine Familiar     Summ           29%          11%         3
 Confusing Touch          Hex            29%          11%         3
 Lesser Beckoning         Tloc           14%          11%         3
 Portal Projectile        Hex/Tloc       58%          11%         3
 Summon Guardian Golem    Hex/Summ       29%          11%         3
 Tukima's Dance           Hex            29%          11%         3
 Vampiric Draining        Necr           14%          11%         3
 Ice Form                 Ice/Tmut       79%          1%          4
 Bolt of Magma            Conj/Fire/Erth 39%          1%          5
 Blade Hands              Tmut           37%          2%          5
 Summon Ice Beast         Ice/Summ       62%          3%          4
 Lee's Rapid Deconstruct  Erth           36%          3%          5
 Leda's Liquefaction      Hex/Erth       28%          6%          4
 Lightning Bolt           Conj/Air       32%          8%          5
 Alistair's Intoxication  Tmut/Pois      38%          16%         5
 Yara's Violent Unravell  Hex/Tmut       28%          16%         5
 Airstrike                Air            20%          17%         4
 Borgnjor's Vile Clutch   Necr/Erth      28%          17%         5
 Summon Lightning Spire   Summ/Air       35%          24%         4
 Animate Dead             Necr           14%          34%         4
 Cause Fear               Hex            14%          34%         4
 Dispel Undead            Necr           29%          34%         4
 Olgreb's Toxic Radiance  Pois           29%          34%         4
 Passage of Golubria      Tloc           N/A          34%         4
 Simulacrum               Ice/Necr       31%          47%         6
 Silence                  Hex/Air        17%          56%         5
 Eringya's Noxious Bog    Tmut/Pois      28%          65%         6
 Agony                    Necr           29%          67%         5
 Excruciating Wounds      Necr           14%          67%         5
 Summon Demon             Summ           14%          67%         5
 Summon Forest            Summ/Tloc      14%          67%         5
 Summon Mana Viper        Hex/Summ       29%          67%         5
 Death Channel            Necr           14%          99%         6
 Dispersal                Tloc           14%          99%         6
 Invisibility             Hex            29%          99%         6
 Shadow Creatures         Summ           N/A          99%         6
 Ignition                 Fire           39%          99%         8
 Lehudib's Crystal Spear  Conj/Erth      39%          99%         8
 Malign Gateway           Summ/Tloc      14%          100%        7
 Monstrous Menagerie      Summ           14%          100%        7
 Summon Greater Demon     Summ           14%          100%        7
 Summon Hydra             Summ           14%          100%        7
 Borgnjor's Revivificati  Necr           14%          100%        8
 Chain Lightning          Conj/Air       32%          100%        8
 Summon Horrible Things   Summ           14%          100%        8
 Absolute Zero            Ice            41%          100%        9
 Dragon's Call            Summ           14%          100%        9
 Fire Storm               Conj/Fire      40%          100%        9
 Shatter                  Erth           36%          100%        9


Dungeon Overview and Level Annotations

Branches:
Dungeon (15/15)            Temple (0/1) D:6            Lair (6/6) D:9
 Shoals (4/4) Lair:4        Snake (4/4) Lair:3        Slime (0/5) Lair:5
    Orc (2/2) D:12            Elf (3/3) Orc:2        Vaults (4/5) D:13
  Crypt (3/3) Vaults:2       Tomb (0/3) Crypt:3      Depths (2/5) D:15
  Sewer (visited)         Ossuary (visited)          Bailey (visited)
Desolation (visited)

Altars:
Ashenzari
Cheibriados
Elyvilon
Fedhas
Gozag
Kikubaaqudgha
Nemelex Xobeh
Okawaru
Ru
Trog
Uskayaw
Vehumet
Xom
Yredelemnul
Zin
The Shining One

Shops:
D:10 ?   D:11 *   D:12 (   Orc:1 [}[   Orc:2 [*}=   Shoals:3 !   Shoals:4 [
Snake:2 **   Vaults:3 [!:*   Vaults:4 }

Annotations:
D:9 3 runed translucent doors, kuniqs's ghost, novice DECj
Lair:6 2 runed translucent doors
Snake:2 1 runed translucent door
Elf:2 3 runed translucent doors
Vaults:1 1 runed translucent door, Thargor's ghost, adept DEFE


Innate Abilities, Weirdness & Mutations

You can breathe bolts of dispelling energy.
Your rich purple scales are hard. (AC +11)
You cannot fit into any form of body armour.
You are cold-blooded and may be slowed by cold attacks.
You are clumsy. (Dex -2)


Message History

The deep troll shaman is healed somewhat.
The vampire knight casts a spell.
The vampire knight flickers and vanishes!
Deactivating autopickup; reactivate with Ctrl-A.
Unknown command.
Unknown command.
Unknown command.
You feel much better.
Unholy energy fills the air.
* * * LOW HITPOINT WARNING * * *
The deep troll shaman mumbles some strange prayers to its god.
The deep troll shaman is healed somewhat.
Unknown command.
Casting: Starburst (dangerous; 8% risk of failure)
Confirm with . or Enter, or press ? or * to list all spells.
A film of ice covers your body!
The deep troll shaman seems to regain its courage.
Unholy energy fills the air.
* * * LOW HITPOINT WARNING * * *
Something hits you!
You die...

###(#####.##*##.###.#**,**,*,*,*,
)[Te....V.).,.....,.*,,,,,,*,*,*,
..<.....#,...#T..,.#*,*,****,*,*,
.(.D.##..,##.#..##.#*,*,**,,,,,**
..(.# *,#.#........#*,*,**,*,****
.TD.# *,#....).....#*,*,,,,,,* *
..1e)##....c.(....##*,****,,*****
.#(cW...###..#W.#####...,≈≈,,,,,,
.#..CC.#*#..,#.§@{.....#,≈≈,≈≈≈≈,
##..#VC##.#...########.#,,,,≈≈≈≈,
#.###.(C#..#.*,,*****,*,,≈≈****≈
#.**##.##.*#+*,∩,*,,,,*,,≈≈*,∩*≈
#.,,...#.**,,,,,,*,*,,*,,≈≈*,,*≈
***#####,*,,**,***,*,,,,,≈≈,***≈
*,,*,,**,+,,,*,,^,,,,≈≈≈≈,
*,,**,,,,**,*****,≈≈,≈≈≈≈,
**,,**,,**,,* *,≈≈,,,,,,


You could see a yaktaur captain (very poisoned), a phantasmal warrior and a deep
troll shaman.

Vanquished Creatures
  An ancient lich (Crypt:3)
  Boris (Crypt:3)
  2 bone dragons
  4 liches
  A tentacled monstrosity (Vaults:1)
  A titan (Depths:2)
  A deep elf blademaster (Elf:3)
  2 deep elf master archers (Elf:3)
  Polyphemus (Shoals:2)
  A kraken (Shoals:2)
  2 sphinxes
  2 ancient champions
  Kirke (Snake:4)
  A nagaraja (Snake:3)
  6 revenants
  4 fire giants
  A frost giant (Depths:2)
  Ilsuiw (Shoals:3)
  3 deep elf sorcerers
  5 imperial myrmidons (Desolation)
  8 vault wardens
  A reaper (Crypt:2)
  3 deep elf elementalists (Elf:3)
  5 ghouls
  4 war gargoyles (Crypt:3)
  A spriggan defender (Depths:2)
  14 stone giants
  5 very ugly things
  Nessos (D:15)
  8 vampire knights
  7 deep elf demonologists (Elf:3)
  16 ironheart preservers
  11 deep elf annihilators
  A halazid warlock (Desolation)
  A spark wasp (shapeshifter) (D:13)
  Azrael (D:13)
  An entropy weaver (Vaults:4)
  4 crystal guardians
  13 deep elf death magi
  6 ettins
  An eidolon (Crypt:2)
  7 merfolk javelineers
  9 jiangshi
  3 deep elf high priests
  2 fire dragons
  9 merfolk impalers
  9 yaktaur captains
  3 great orbs of eyes
  9 hydras
  Josephine (Orc:1)
  12 vault guards
  4 ragged hierophants
  9 ogre magi
  10 servants of whispers (Desolation)
  11 naga warriors
  Fannar (D:12)
  4 ice dragons
  6 boulder beetles
  3 rakshasas
  2 spriggan air magi (Depths:2)
  A merfolk avatar (Shoals:3)
  Harold (D:11)
  An alligator snapping turtle (Shoals:4)
  11 anacondas
  A catoblepas (Shoals:2)
  9 peacekeepers (Desolation)
  6 death knights
  Erica (D:8)
  13 centaur warriors
  18 dancing weapons
  3 death yaks (Shoals:2)
  7 merfolk aquamancers
  25 two-headed ogres
  4 deep troll shamans
  4 satyrs
  3 tengu warriors
  3 vampire magi
  A spriggan berserker (Depths:2)
  A shock serpent (shapeshifter) (Vaults:4)
  15 naga sharpshooters
  An orc high priest (Elf:3)
  A titan zombie (Crypt:3)
  Urug (Lair:6)
  2 deep troll earth magi
  A shock serpent (Snake:1)
  A soul eater (Crypt:1)
  13 deep elf knights
  6 hell knights (Crypt:3)
  A titan skeleton (Crypt:1)
  33 skeletal warriors
  3 flayed ghosts
  3 salamander mystics (Snake:3)
  14 sea snakes
  2 bog bodies (Crypt:1)
  11 deep trolls
  3 unseen horrors
  5 naga ritualists
  5 wizards
  2 orange crystal statues (Elf:1)
  Pikel (D:6)
  A swamp dragon (shapeshifter) (Depths:2)
  13 deep elf archers
  18 harpies
  11 necromancers
  16 ironbrand convokers
  9 phantasmal warriors
  9 orc knights
  A lindwurm (Lair:6)
  2 wolf spiders
  An orc sorcerer (Vaults:1)
  A frost giant zombie (D:15)
  An iron dragon zombie (Crypt:3)
  23 ugly things
  48 deep elf magi
  5 mana vipers
  11 salamanders
  14 cyclopes
  10 manticores
  21 fauns
  A stone giant zombie (Crypt:3)
  A shadow dragon skeleton (Crypt:2)
  A dire elephant zombie (Crypt:2)
  15 elephants
  A human skeleton (Vaults:1)
  2 merfolk sirens
  A black mamba (shapeshifter) (Vaults:3)
  5 guardian serpents
  Maurice (Orc:2)
  2 frost giant skeletons (Crypt:2)
  35 black mambas
  2 iron dragon skeletons
  14 vault sentinels
  2 water nymphs
  A torpor snail (Lair:5)
  10 cane toads
  12 naga magi
  An elephant slug zombie (Crypt:1)
  3 molten gargoyles (Lair:6)
  A gargoyle (D:13)
  A cane toad (shapeshifter) (D:15)
  A centaur skeleton (D:13)
  A black draconian zombie (Crypt:1)
  32 yaktaurs
  An emperor scorpion zombie (Crypt:3)
  A green draconian zombie (Crypt:2)
  A rime drake (shapeshifter) (D:14)
  A redback zombie (D:13)
  A death yak skeleton (Crypt:1)
  A sea snake skeleton (Crypt:1)
  9 freezing wraiths
  A tengu conjurer (Depths:2)
  A red draconian skeleton (Crypt:2)
  15 komodo dragons
  21 trolls
  19 merfolk
  A queen bee (shapeshifter) (D:13)
  4 polar bears
  3 meliai (D:15)
  A meliai (shapeshifter) (D:14)
  3 hornets
  Grinder (D:4)
  A polar bear (shapeshifter) (D:13)
  11 slime creatures
  Prince Ribbit (D:8)
  20 blink frogs
  A jumping spider (Vaults:4)
  2 stone giant simulacra
  A hornet (shapeshifter) (Depths:1)
  A blink frog (shapeshifter) (Vaults:4)
  A tengu simulacrum (Vaults:1)
  2 dream sheep (Shoals:2)
  48 saltlings
  5 wind drakes
  7 snapping turtles
  2 raiju (shapeshifter)
  A spriggan zombie (D:15)
  2 meliai zombies
  3 ettin zombies
  An air elemental (Elf:2)
  An ice dragon skeleton (D:15)
  17 wraiths
  A guardian serpent skeleton (Crypt:2)
  A shadow (D:15)
  40 flying skulls
  A basilisk (shapeshifter) (Vaults:3)
  2 hogs (Snake:3)
  A dire elephant simulacrum (Crypt:2)
  73 yaks
  2 vampires
  9 basilisks
  10 water elementals
  2 redbacks (Vaults:4)
  A yak (shapeshifter) (Depths:1)
  9 wyverns
  A wyvern (shapeshifter) (Vaults:2)
  5 fire elementals
  Grum (D:9)
  A human (shapeshifter) (Vaults:2)
  2 hogs (shapeshifter)
  A human simulacrum (Vaults:3)
  A torturous demonspawn zombie (Crypt:2)
  A steam dragon (Lair:6)
  6 vampire mosquitoes
  A soldier ant (shapeshifter) (Vaults:4)
  3 wargs
  36 nagas
  A soldier ant (D:15)
  29 water moccasins
  6 hell hounds
  An acid dragon (D:13)
  9 necrophages
  An ettin simulacrum (Vaults:3)
  31 orc warriors
  A sky beast (D:13)
  4 black bears
  An elephant zombie (Crypt:2)
  A hornet zombie (D:11)
  4 ice beasts
  A phantom (D:11)
  A swamp dragon zombie (Crypt:3)
  33 ogres
  4 boggarts (Vaults:2)
  15 wolves
  32 centaurs
  A lemure (D:6)
  6 big kobolds
  25 bullfrogs
  2 gnoll sergeants (D:12)
  5 earth elementals
  A wyvern skeleton (D:14)
  15 scorpions
  A shapeshifter zombie (Crypt:1)
  A water moccasin skeleton (Crypt:1)
  An orc simulacrum (Vaults:1)
  11 killer bees
  6 wights
  4 howler monkeys
  8 electric eels
  A bullfrog zombie (D:5)
  8 orc priests
  11 lava snakes
  2 quasits
  9 centaur zombies
  8 jellies
  26 orc wizards
  2 human zombies
  6 hounds
  6 iguanas
  Jessica (D:2)
  2 bullfrog skeletons
  Ijyb (D:5)
  Natasha (thrice) (D:4)
  13 worker ants
  A killer bee zombie (D:8)
  An acid dragon zombie (Crypt:1)
  3 big kobold zombies (Ossuary)
  A hound zombie (D:11)
  An ogre skeleton (Crypt:3)
  A hound skeleton (D:9)
  4 mummies
  2 howler monkey zombies
  A worker ant zombie (D:5)
  30 adders
  22 gnolls
  2 howler monkey skeletons (D:9)
  6 scorpion zombies (Ossuary)
  A swamp drake zombie (Crypt:1)
  A river rat (D:6)
  2 shadow imps
  2 oozes (D:3)
  A worm zombie (Crypt:2)
  2 adder skeletons (D:7)
  An adder zombie (D:9)
  8 worms
  2 dart slugs
  8 leopard geckos
  111 orcs
  8 ball pythons
  4 bat skeletons (D:5)
  3 bat zombies
  7 giant cockroaches
  3 gnoll zombies
  18 hobgoblins
  11 jackals
  4 quokkas
  A ball python skeleton (Crypt:2)
  12 bats
  12 frilled lizards
  8 goblins
  A goblin skeleton (Crypt:1)
  2 goblin zombies
  A hobgoblin zombie (Ossuary)
  33 kobolds
  A kobold zombie (D:7)
  A leopard gecko skeleton (D:5)
  3 orc zombies
  3 quokka zombies
  8 rats
  8 crawling corpses (Elf:3)
  A tentacle (Shoals:2)
2017 creatures vanquished.

Vanquished Creatures (collateral kills)
  A deep troll earth mage (Depths:2)
  2 skeletal warriors (D:15)
  A komodo dragon (Lair:5)
  A tengu zombie (D:15)
5 creatures vanquished.

Vanquished Creatures (others)
  An unseen horror (D:15)
  A saltling (Desolation)
  2 humans (Snake:4)
  A hobgoblin zombie (Ossuary)
  43 fungi
  216 plants
  8 tentacles (Shoals:2)
  5 withered plants (D:15)
277 creatures vanquished.

Grand Total: 2299 creatures vanquished

Notes
Turn   | Place    | Note
-------+----------+-------------------------------------------
     0 | D:1      | Morbidden the Draconian Brigand began the quest for the
                  | Orb.
     0 | D:1      | Reached XP level 1. HP: 17/17 MP: 1/1
   180 | D:1      | Reached XP level 2. HP: 24/24 MP: 2/2
   433 | D:1      | Reached skill level 1 in Dodging
  1057 | D:2      | Found a snail-covered altar of Cheibriados.
  1064 | D:2      | Became a worshipper of Cheibriados the Contemplative
  1110 | D:2      | Reached XP level 3. HP: 29/29 MP: 3/3
  1927 | D:2      | Noticed Jessica
  1939 | D:2      | Killed Jessica
  1940 | D:2      | Reached XP level 4. HP: 26/37 MP: 3/5
  2048 | D:2      | Found an iron altar of Okawaru.
  2083 | D:2      | Reached * piety under Cheibriados
  2219 | D:2      | Reached skill level 1 in Spellcasting
  2710 | D:2      | Reached skill level 1 in Invocations
  2923 | D:2      | Found a snail-covered altar of Cheibriados.
  3011 | D:2      | Found an iron altar of Okawaru.
  3642 | D:3      | Reached XP level 5. HP: 42/42 MP: 6/6
  3655 | D:3      | Found a blossoming altar of Fedhas.
  3696 | D:3      | Found a radiant altar of Vehumet.
  4543 | D:2      | Reached skill level 1 in Shields
  5160 | D:3      | Found a white marble altar of Elyvilon.
  5473 | D:3      | Found a glowing golden altar of the Shining One.
  5662 | D:3      | Found a sparkling altar of Nemelex Xobeh.
  5762 | D:4      | Reached XP level 6. HP: 32/51 MP: 8/8
  5771 | D:4      | Reached ** piety under Cheibriados
  5893 | D:4      | Reached skill level 5 in Stealth
  5893 | D:4      | Reached skill level 2 in Shields
  6352 | D:4      | Noticed Grinder
  6380 | D:4      | Paralysed by Grinder for 4 turns
  6386 | D:4      | Paralysed by Grinder for 2 turns
  6400 | D:4      | Killed Grinder
  6401 | D:4      | Reached skill level 3 in Shields
  6401 | D:4      | Your scales start taking on a rich purple colour.
  6401 | D:4      | Reached XP level 7. HP: 44/57 MP: 8/10
  6555 | D:4      | Learned a level 1 spell: Freeze
  6923 | D:4      | Noticed Natasha
  6928 | D:4      | Killed Natasha
  6929 | D:4      | Reached skill level 1 in Ice Magic
  7798 | D:4      | Noticed Natasha
  7807 | D:4      | Killed Natasha
  7895 | D:4      | Noticed Natasha
  7906 | D:4      | Killed Natasha
  8057 | D:5      | Entered Level 5 of the Dungeon
  8221 | D:5      | Reached XP level 8. HP: 52/66 MP: 12/12
  8244 | D:5      | Reached *** piety under Cheibriados
  8347 | D:5      | Reached skill level 4 in Shields
  8656 | D:5      | Noticed Ijyb
  8662 | D:5      | Killed Ijyb
  8811 | D:5      | Found a sacrificial altar of Ru.
  9050 | D:5      | Found an ancient bone altar of Kikubaaqudgha.
  9571 | D:6      | Found a staircase to the Ecumenical Temple.
  9711 | D:6      | Reached **** piety under Cheibriados
  9724 | D:6      | Found a glowing drain.
  9735 | Sewer    | Entered a sewer
 10481 | D:6      | Noticed Pikel
 10544 | D:6      | Killed Pikel
 10545 | D:6      | Reached skill level 5 in Shields
 10661 | D:6      | Reached XP level 9. HP: 72/72 MP: 14/14
 10682 | D:6      | Reached ***** piety under Cheibriados
 11047 | D:7      | Found a sand-covered staircase.
 11059 | Ossuary  | Entered an ossuary
 11219 | Ossuary  | Reached skill level 6 in Shields
 11565 | Ossuary  | Reached skill level 5 in Short Blades
 12068 | D:7      | Found a basalt altar of Yredelemnul.
 12377 | D:7      | Found a glowing silver altar of Zin.
 12428 | D:8      | Noticed Erica
 12430 | D:8      | Noticed Prince Ribbit
 12440 | D:8      | Killed Erica
 12441 | D:8      | Reached skill level 5 in Fighting
 12441 | D:8      | Reached skill level 5 in Dodging
 12441 | D:8      | Reached skill level 7 in Shields
 12441 | D:8      | Reached skill level 5 in Spellcasting
 12441 | D:8      | Reached XP level 10. HP: 33/81 MP: 11/17
 12445 | D:8      | Killed Prince Ribbit
 12764 | D:8      | Identified a scroll of acquirement
 12764 | D:8      | Acquired the ring of Tepsooc {rElec Dex+3 Stlth+}
 12926 | D:8      | Noticed a two-headed ogre
 12936 | D:8      | Killed a two-headed ogre
 13323 | D:8      | Found a sparkling altar of Nemelex Xobeh.
 13325 | D:8      | Found an ornate altar of the Wu Jian Council.
 13325 | D:8      | Found a hide-covered altar of Uskayaw.
 13327 | D:8      | Found a shimmering altar of Xom.
 13327 | D:8      | Found a glowing golden altar of the Shining One.
 13327 | D:8      | Found a bloodstained altar of Trog.
 13436 | D:9      | Found a runed translucent gate.
 13436 | D:9      | Found a runed translucent gate.
 13436 | D:9      | Found a runed translucent gate.
 13436 | D:9      | Noticed kuniqs's ghost (novice DECj)
 13439 | D:9      | Noticed an 11-headed hydra
 13447 | D:9      | Reached skill level 1 in Long Blades
 13632 | D:9      | Noticed Grum
 13672 | D:9      | Killed Grum
 13798 | D:9      | Reached skill level 5 in Invocations
 13846 | D:9      | Reached skill level 8 in Shields
 14216 | D:9      | Found a staircase to the Lair.
 14284 | D:9      | Found a sacrificial altar of Ru.
 14511 | D:9      | Found a broken altar of Ashenzari.
 14769 | D:10     | Entered Level 10 of the Dungeon
 14810 | D:10     | Reached XP level 11. HP: 68/89 MP: 20/20
 14816 | D:10     | Reached ****** piety under Cheibriados
 15657 | D:10     | Found Etumn's Magic Scroll Boutique.
 15665 | D:10     | Bought 3 scrolls of magic mapping for 147 gold pieces
 15849 | Lair:1   | Entered Level 1 of the Lair of Beasts
 16370 | Lair:1   | Reached skill level 5 in Long Blades
 16733 | Lair:1   | Reached skill level 5 in Ice Magic
 17174 | Lair:1   | You fall into a shaft and drop 1 floor!
 17184 | Lair:2   | Reached skill level 9 in Shields
 17190 | Lair:2   | Noticed an eight-headed hydra
 18102 | Lair:2   | Killed a four-headed hydra
 18103 | Lair:2   | Reached XP level 12. HP: 52/100 MP: 14/22
 18107 | Lair:2   | Learned a level 3 spell: Frozen Ramparts
 18111 | Lair:2   | Learned a level 3 spell: Ozocubu's Armour
 18607 | Lair:2   | Reached skill level 1 in Evocations
 19002 | Lair:3   | Reached skill level 10 in Shields
 19108 | Lair:3   | Noticed an eight-headed hydra
 19117 | Lair:3   | Killed a five-headed hydra
 19395 | Lair:3   | Found a staircase to the Snake Pit.
 20268 | Lair:4   | Reached XP level 13. HP: 86/107 MP: 25/25
 20364 | Lair:4   | Found a staircase to the Shoals.
 21625 | Lair:5   | Found a staircase to the Slime Pits.
 21672 | Lair:5   | Reached skill level 11 in Shields
 22130 | Lair:5   | Learned a level 4 spell: Hailstorm
 22515 | Lair:5   | Learned a level 4 spell: Sticky Flame
 22537 | Lair:6   | Entered Level 6 of the Lair of Beasts
 22581 | Lair:6   | Reached skill level 1 in Fire Magic
 22707 | Lair:6   | Reached skill level 1 in Conjurations
 23570 | Lair:6   | Reached XP level 14. HP: 75/116 MP: 19/27
 23724 | Lair:6   | Found a large runed translucent door.
 23870 | Lair:6   | Noticed Urug
 24278 | Lair:6   | Killed Urug
 24320 | Lair:6   | Found a large runed translucent door.
 25040 | D:11     | Found a flagged portal.
 25074 | Bailey   | Entered a bailey
 25871 | D:11     | Reached XP level 15. HP: 95/129 MP: 26/28
 26095 | D:11     | Found Herphuin's General Store.
 26129 | D:11     | Noticed Harold
 26147 | D:11     | Killed Harold
 26148 | D:11     | Reached skill level 10 in Spellcasting
 26169 | D:11     | Reached skill level 10 in Long Blades
 27112 | D:10     | Bought a scroll of acquirement for 728 gold pieces
 27114 | D:10     | Acquired the +0 pair of boots "Doonyate" {Str+4}
 27189 | D:12     | Noticed Fannar
 27212 | D:12     | Killed Fannar
 27639 | D:12     | Found a staircase to the Orcish Mines.
 27681 | D:12     | Reached skill level 12 in Shields
 28033 | D:12     | Found Byem's Weapon Shoppe.
 29218 | D:13     | Noticed Azrael
 29230 | D:13     | Killed Azrael
 29231 | D:13     | Reached XP level 16. HP: 37/138 MP: 0/30
 29727 | D:13     | Found a gate to the Vaults.
 30224 | D:14     | Found a sparkling altar of Nemelex Xobeh.
 30224 | D:14     | Found an opulent altar of Gozag.
 30225 | D:14     | Noticed a sphinx
 30271 | D:14     | Killed a sphinx
 31037 | D:15     | Entered Level 15 of the Dungeon
 31340 | D:15     | Found a staircase to the Depths.
 31878 | D:15     | Reached skill level 5 in Conjurations
 32022 | D:15     | Noticed Nessos
 32050 | D:15     | Killed Nessos
 32264 | Orc:1    | Entered Level 1 of the Orcish Mines
 32264 | Orc:1    | Found Ydinodu's Antique Armour Shop.
 32266 | Orc:1    | Found Mitevaod's Gadget Shop.
 32268 | Orc:1    | Bought a glowing cloak for 255 gold pieces
 32423 | Orc:2    | Entered Level 2 of the Orcish Mines
 32649 | Orc:1    | Found Ywimmah's Armour Emporium.
 32699 | Orc:1    | Noticed Josephine
 32706 | Orc:1    | Killed Josephine
 32945 | Orc:1    | Noticed Maurice
 33274 | Orc:2    | Found a staircase to the Elven Halls.
 33376 | Orc:2    | Killed Maurice
 33414 | Orc:2    | Found Qeyb's Jewellery Boutique.
 33623 | Orc:2    | Found Cimeiclae's Gadget Boutique.
 33750 | Orc:2    | Found Pinesmai's General Store.
 33762 | Orc:2    | Found Ulups's Armour Shop.
 34193 | Snake:1  | Entered Level 1 of the Snake Pit
 34234 | Snake:1  | Reached skill level 10 in Invocations
 34285 | Snake:1  | Reached skill level 13 in Shields
 34766 | Snake:1  | Reached XP level 17. HP: 111/146 MP: 27/32
 36145 | Snake:2  | Found a sacrificial altar of Ru.
 36989 | Snake:2  | Found a runed translucent door.
 37233 | Snake:2  | Learned a level 6 spell: Freezing Cloud
 37622 | Snake:2  | Reached skill level 10 in Dodging
 37707 | Snake:2  | Found Puamuoruo's Assorted Antiques.
 37715 | Snake:2  | Found Tyilon's Assorted Antiques.
 37931 | Snake:2  | Identified the ring of Goylav {rC+ Will- Str+8 Dex+3}
 38071 | Snake:2  | Reached skill level 1 in Air Magic
 40116 | Snake:3  | Reached skill level 5 in Fire Magic
 40684 | Snake:4  | Entered Level 4 of the Snake Pit
 40684 | Snake:4  | Noticed Kirke
 40746 | Snake:4  | Killed Kirke
 41694 | Shoals:1 | Entered Level 1 of the Shoals
 41990 | Shoals:1 | Learned a level 5 spell: Fireball
 42591 | Shoals:1 | Reached XP level 18. HP: 144/156 MP: 33/33
 42595 | Shoals:1 | Reached skill level 5 in Throwing
 43647 | Shoals:2 | Reached skill level 14 in Shields
 44262 | Shoals:2 | Noticed Polyphemus
 44692 | Shoals:2 | Killed Polyphemus
 44929 | Shoals:3 | Noticed Ilsuiw
 45602 | Shoals:3 | Found Vuci's Distillery.
 45739 | Shoals:3 | Bought a potion of heal wounds for 60 gold pieces
 45739 | Shoals:3 | Bought a potion of heal wounds for 60 gold pieces
 45739 | Shoals:3 | Bought 2 potions of heal wounds for 120 gold pieces
 45762 | Shoals:3 | Bought a potion of magic for 96 gold pieces
 45804 | Shoals:3 | Killed Ilsuiw
 46660 | Shoals:4 | Entered Level 4 of the Shoals
 47673 | Shoals:4 | Got a barnacled rune of Zot
 47967 | Shoals:4 | Identified the Compendium of Quantum Transmutation
 48553 | Shoals:4 | Found Zaufesai's Antique Armour Boutique.
 48715 | Shoals:4 | Reached skill level 10 in Ice Magic
 49495 | Vaults:1 | Entered Level 1 of the Vaults
 49508 | Vaults:1 | Found a runed translucent door.
 49508 | Vaults:1 | Noticed Thargor's ghost (adept DEFE)
 49745 | Vaults:1 | Reached XP level 19. HP: 96/165 MP: 35/35
 50777 | Vaults:1 | Found the ring of the Octopus King
 50789 | Vaults:1 | Reached skill level 15 in Shields
 51157 | Vaults:1 | Identified a ring of the Octopus King {AC+1 EV+1 Str+1
                  | Int+1 Dex+1 SInv} (You found it on level 1 of the Vaults)
 52505 | Vaults:2 | Found a ruined gateway.
 52630 | Desolati | Entered the Desolation of Salt
 53909 | Desolati | Identified the ring "Anacimuitz" {+Fly Int+4 Dex+4 SInv}
 54250 | Desolati | Identified the ring "Puus" {rElec rF+ rC- rN+ Dex+5}
 54296 | Desolati | Identified the Disquisition on Ashen Hexes
 54308 | Desolati | Learned a level 6 spell: Statue Form
 54424 | Desolati | Found the cursed +13 scythe of Curses {drain, *Curse}
 54793 | Desolati | Identified the ring "Biech" {rC+ Str+3 SInv} (You found it
                  | in the Desolation of Salt)
 54938 | Desolati | Reached XP level 20. HP: 162/162 MP: 19/37
 55185 | Desolati | Reached skill level 1 in Earth Magic
 55203 | Desolati | Reached skill level 1 in Transmutations
 55896 | Desolati | Identified the Collected Works on Enthralling Earth
 55899 | Desolati | Got a coiled pewter amulet
 55902 | Desolati | Identified the amulet of Taugeap {Reflect *Slow rF+ Will+
                  | Str+6 SH+5} (You found it in the Desolation of Salt)
 55972 | Desolati | Got a bound pewter ring
 55974 | Desolati | Identified the ring of Uhim {*Contam rElec Int+3 Stlth+}
                  | (You found it in the Desolation of Salt)
 57841 | Vaults:2 | Noticed a bone dragon
 57864 | Vaults:2 | Killed a bone dragon
 58115 | Vaults:2 | Found a staircase to the Crypt.
 59190 | Vaults:3 | Found Secrul's Antique Armour Emporium.
 59197 | Vaults:3 | Bought a pair of fading gloves for 342 gold pieces
 59197 | Vaults:3 | Identified the +0 pair of gloves "Azxa" {+Fly rF- Int+2
                  | SInv} (You bought it in a shop on level 3 of the Vaults)
 59198 | Vaults:3 | Bought a glowing cloak for 270 gold pieces
 59201 | Vaults:3 | Found Medgholoo's Book Emporium.
 59216 | Vaults:3 | Found Goarev's Distillery.
 59543 | Vaults:3 | Learned a level 7 spell: Dragon Form
 60149 | Vaults:3 | Found Uhaugg's General Store.
 60486 | Vaults:4 | Reached skill level 1 in Unarmed Combat
 60593 | Vaults:4 | Reached XP level 21. HP: 149/182 MP: 39/39
 61451 | Vaults:4 | Found Sonuck's Gadget Shoppe.
 61460 | Vaults:4 | Reached skill level 16 in Shields
 62628 | Elf:1    | Entered Level 1 of the Elven Halls
 62678 | Elf:1    | Reached skill level 5 in Transmutations
 62888 | Elf:1    | Identified the Papyrus of the Snowflakes and Transformation
 63827 | Elf:2    | Reached skill level 5 in Earth Magic
 64436 | Elf:2    | Found a runed translucent gate.
 64441 | Elf:2    | Found a runed translucent gate.
 64441 | Elf:2    | Found a runed translucent gate.
 65057 | Elf:3    | Entered Level 3 of the Elven Halls
 66305 | Elf:3    | Reached skill level 15 in Fighting
 66566 | Elf:3    | Reached skill level 10 in Conjurations
 66949 | Elf:3    | Identified the ring "Ybry" {rPois Will+ Str-2 Dex+2 Stlth+}
 66982 | Elf:3    | Identified the +10 plate armour "Zapal" {rC+ Slay+2}
 67174 | Elf:3    | Identified the cursed +0 whip of Yredelemnul's Whim {speed,
                  | rElec rC- Str+5}
 67191 | Elf:3    | Reached XP level 22. HP: 170/192 MP: 25/40
 67236 | Elf:3    | Identified the +6 rapier of Patience {vorpal, rF+ Dex+7}
 67274 | Elf:3    | Identified the ring "Enesitow" {rElec Will+ Str+4}
 67971 | Elf:3    | Identified the Handbook of Entrancing Darkness
 67986 | Elf:3    | Identified the Compendium of the Glacier and Calling
 68020 | Elf:3    | Identified the +1 pair of gloves of the Other World {Int+3}
                  | (You found it on level 3 of the Elven Halls)
 68360 | Crypt:1  | Entered Level 1 of the Crypt
 68969 | Crypt:1  | Reached skill level 5 in Unarmed Combat
 69213 | Crypt:1  | Learned a level 6 spell: Starburst
 69396 | Crypt:1  | Reached skill level 15 in Spellcasting
 72422 | Crypt:3  | Entered Level 3 of the Crypt
 72727 | Crypt:3  | Noticed Boris
 72746 | Crypt:3  | Killed Boris
 73375 | Crypt:3  | Reached XP level 23. HP: 157/200 MP: 42/42
 73915 | Crypt:3  | Learned a level 6 spell: Iron Shot
 74152 | Crypt:3  | Noticed an ancient lich
 74153 | Crypt:3  | Found an ancient bone altar of Kikubaaqudgha.
 74170 | Crypt:3  | Killed an ancient lich
 74622 | Crypt:3  | Identified the Collected Works on Dark Rites
 74905 | Crypt:3  | Found a staircase to the Tomb.
 74919 | Crypt:3  | Identified Sif Muna's Collected Works on Icy Sinister Rites
 75744 | Depths:1 | Entered Level 1 of the Depths
 76603 | Depths:1 | You fall into a shaft and drop 1 floor!
 76679 | Depths:2 | Reached skill level 17 in Shields
 76713 | Depths:2 | Gained mutation: You are clumsy. (Dex -2) [a cacodemon]
 76716 | Depths:2 | Slain by a vampire knight

Illustrated notes

Levels and vault maps discovered:
D:1:      lemuel_arrival_tunnels, layout_basic
D:2:      layout_loops_corners, okawaru_metal_pillars_3, cheibriados_altar_1,
          uniq_jessica
D:3:      minmay_bubble_buster, layout_loops_corners,
          nicolae_overflow_crystal_walls, lemuel_round_altar, fedhas_altar_4,
          elyvilon_altar_1, nicolae_overflow_hidden_temple
D:4:      layout_loops_corners, uniq_natasha, uniq_grinder
D:5:      layout_layer_cave, kennysheep_vampire_church,
          overflow_temple_1_default, minmay_crystal_room, uniq_ijyb
D:6:      layout_rooms, minmay_temple_entry_crystal_x,
          lightli_sewer_entry_pipes, uniq_pikel
D:7:      layout_loops_ring, kennysheep_little_box,
          lemuel_zombie_altar_yredelemnul, nicolae_ossuary_entry_giza
D:8:      layout_gridville, doesnt_xom_only_xom, uniq_erica, uniq_prince_ribbit1
D:9:      layout_gridville, overflow_temple_1_default,
          due_lair_maze_entry_diamond, gammafunk_ghost_hydra_chop,
          nicolae_ru_the_path_less_chosen, uniq_grum
D:10:     minmay_clustersquares, layout_small_grid, serial_shops, shop
D:11:     hangedman_cross_cluster, layout_irregular_city, enter_bailey_2,
          serial_shops, nicolae_shop_behind_doors, uniq_harold
D:12:     layout_basic, kennysheep_orc_monster_closet_entryway, serial_shops,
          shop_statue, uniq_fannar
D:13:     minmay_chambers_of_sevens, layout_basic,
          lightli_vaults_fourway_checkpoint, uniq_azrael
D:14:     layout_small_grid, minmay_misc_feat_room, jmf_multi_god_temple
D:15:     gammafunk_depths_entry_grave, layout_rooms,
          hangedman_abyss_or_decor_lesser_grid, uniq_nessos
Lair:1:   layout_regular_city, grunt_megastairs_1
Lair:2:   layout_misc_corridors
Lair:3:   layout_cave_pods, minmay_snake_entry_six_corridors, grunt_megastairs_3
Lair:4:   layout_big_grid, minmay_shoals_entry_centaurs, serial_bayou_lake_a,
          lemuel_fruit_tree
Lair:5:   layout_roguey, slime_dummy
Lair:6:   cheibrodos_lair_end_hotspot, layout_gridlike, uniq_urug
Shoals:1: layout_shoals, nzn_prometheus_bound
Shoals:2: layout_shoals, nicolae_shoals_aquamancer_cove, uniq_polyphemus
Shoals:3: layout_shoals, serial_shops, shop, uniq_ilsuiw
Shoals:4: shoals_end_grunt_garden, layout_shoals, serial_shops, shop
Snake:1:  layout_gridlike, nicolae_snake_lava_pool
Snake:2:  cheibrodos_toxic_ritual, layout_cave_shapes, basic_altar,
          minmay_snake_pond, serial_bayou_shore_b, minmay_shop_star
Snake:3:  layout_onion
Snake:4:  johnstein_snake_rune_scales, layout_cave_town, minmay_shoptagon,
          uniq_kirke
Orc:1:    layout_caves, serial_shops, nicolae_shop_trees, shop, shop,
          uniq_josephine, uniq_maurice
Orc:2:    st_orc_open, layout_diamond_mine
Elf:1:    layout_geoelf_diagonals, minmay_elf_crystal_hexagon, minivault_16,
          minivault_15
Elf:2:    layout_geoelf_diagonals
Elf:3:    minmay_elf_hall_quartered_circle, layout_geoelf_castle
Vaults:1: gammafunk_vaults_ghost_grave, vaults_room_pools,
          vaults_room_semicircle, hangedman_vaults_hat,
          nicolae_vaults_ring_of_whatevers,
          vaults_room_grunt_arrival_checkpoint,
          nicolae_vaults_windows_and_doors_thing,
          nicolae_vaults_little_squares_3, st_check, ontoclasm_vaults_tryst,
          v_misc_25, v_misc_18, nicolae_vaults_angled_halls,
          ontoclasm_vaults_chip, layout_vaults_maze_bifur
Vaults:2: nicolae_vaults_little_squares_4, st_star,
          minmay_crypt_entry_nasty_monster, grunt_vaults_hallway_short,
          hangedman_vaults_stitches, vaults_room_corners,
          ontoclasm_vaults_shuriken, v_misc_16, v_alt_pattern_1,
          dpeg_vaults_monster_box, layout_vaults_big_room,
          portal_desolation_entry_nicolae_nacl
Vaults:3: nicolae_vaults_hallways_thing, nicolae_vaults_disjoint_gnomons,
          vaults_room_hallway, ontoclasm_vaults_ligature,
          hangedman_vaults_impose, grunt_vaults_focal, v_misc_13,
          ontoclasm_vaults_ring_square, vaults_room_grid, ontoclasm_vaults_eye,
          nicolae_vaults_mini_display_case, nicolae_vaults_little_squares_3,
          layout_vaults_ring, serial_shops, nicolae_shop_statue_plus,
          nicolae_shop_statue_plus, nicolae_shop_stone, shop
Vaults:4: nicolae_vaults_circle_grid_a, nicolae_vaults_disjoint_gnomons,
          v_rooms_5, ontoclasm_vaults_hangar, vaults_mumra_hex,
          ontoclasm_vaults_loading_screen, layout_vaults_omnigrid, serial_shops,
          shop
Crypt:1:  layout_regular_city, grunt_crypt_arrival_split, grunt_megastairs_2
Crypt:2:  layout_catacombs
Crypt:3:  cryptofortress_bobbens, uniq_boris
Depths:1: layout_honeycomb, grunt_hell_horde, rand_demon_pan_entry_8,
          hangedman_decor_push, kennysheep_generic_room_2, firewood_loft,
          uniq_sojobo
Depths:2: minmay_the_grid_square_5x5_5x5 [minmay_the_grid_square_5x5_two_small,
          minmay_the_grid_square_5x5_checkered_sparse,
          minmay_the_grid_square_5x5_two_walls_b,
          minmay_the_grid_square_5x5_shuriken,
          minmay_the_grid_square_5x5_trominoes, minmay_the_grid_square_5x5_comb,
          minmay_the_grid_square_5x5_prize_deathbox,
          minmay_the_grid_square_5x5_misaligned,
          minmay_the_grid_square_5x5_prize_itemx,
          minmay_the_grid_square_5x5_fancy_junction,
          minmay_the_grid_square_5x5_one_wall,
          minmay_the_grid_square_5x5_checkered_statues,
          minmay_the_grid_square_5x5_prize_gold,
          minmay_the_grid_square_5x5_seven,
          minmay_the_grid_square_5x5_beaten_path,
          minmay_the_grid_square_5x5_minimal,
          minmay_the_grid_square_5x5_prize_waves,
          minmay_the_grid_square_5x5_tri_point,
          minmay_the_grid_square_5x5_prize_monsterx,
          minmay_the_grid_square_5x5_plus, minmay_the_grid_square_5x5_two,
          minmay_the_grid_square_5x5_spiral,
          minmay_the_grid_square_5x5_eight_small,
          minmay_the_grid_square_5x5_inner_v, minmay_the_grid_square_5x5_tie],
          layout_basic, enter_ziggurat_c, infiniplex_enter_wizlab_water,
          infiniplex_staircase_zigzag_1, pf_hell_entry_tar_spiral

Skill      XL: |  1  2  3  4  5  6  7  8  9 10 11 12 13 14 15 16 17 18 19 20 21 22 23 |
---------------+----------------------------------------------------------------------+-----
Stealth        | 4 5 6 7 8 |  8.4
Dodging        | 1 2 3 4 5 6 7 8 9 10 11 12 13 | 13.5
Spellcasting   | 1 2 3 5 6 8 9 10 11 12 13 14 15 16 | 16.1
Invocations    | 1 2 3 4 5 6 7 8 9 10 11 12 13 | 13.0
Throwing       | 2 3 4 5 |  5.9
Shields        | 1 3 5 7 8 9 10 11 12 13 14 15 16 17 | 17.1
Fighting       | 3 4 5 6 7 8 11 12 13 14 15 16 | 16.0
Short Blades   | 3 4 5 6 |  6.0
Ice Magic      | 1 2 3 4 5 6 7 8 9 10 11 | 11.1
Long Blades    | 3 6 8 9 10 11 12 13 14 | 14.2
Evocations     | 1 2 |  2.7
Fire Magic     | 1 2 3 5 6 7 8 9 |  9.7
Conjurations   | 1 2 4 5 7 8 9 10 | 10.7
Air Magic      | 1 |  1.7
Earth Magic    | 4 5 7 8 |  8.3
Transmutations | 3 6 7 8 |  8.8
Unarmed Combat | 1 4 6 7 |  7.5
Staves         | |  0.4

Action                   |  1- 3 |  4- 6 |  7- 9 | 10-12 | 13-15 | 16-18 | 19-21 | 22-24 || total
-------------------------+-------+-------+-------+-------+-------+-------+-------+-------++-------
Melee: Dagger            |   132 |   301 |   644 |    17 |   355 |       |       |       ||  1449
       Tailslap          |     7 |    34 |   150 |   161 |   273 |   370 |   417 |   222 ||  1634
       Scimitar          |       |       |       |   455 |   499 |  1097 |   389 |       ||  2440
       Staff             |       |       |       |       |       |       |    11 |    15 ||    26
       Demon blade       |       |       |       |       |       |       |   823 |   722 ||  1545
Throw: Dart              |    11 |    24 |    21 |    23 |       |    54 |     1 |       ||   134
       Boomerang         |       |       |       |    20 |   130 |   283 |    76 |    18 ||   527
       Javelin           |       |       |       |       |       |       |    62 |       ||    62
 Cast: Freeze            |       |       |       |     4 |    23 |     5 |     1 |       ||    33
       Ozocubu's Armour  |       |       |       |    15 |    40 |    48 |    25 |     6 ||   134
       Frozen Ramparts   |       |       |       |    13 |    52 |    41 |    16 |    14 ||   136
       Hailstorm         |       |       |       |       |       |    90 |    23 |     4 ||   117
       Sticky Flame      |       |       |       |       |       |    62 |    47 |     5 ||   114
       Fireball          |       |       |       |       |       |    25 |   206 |   139 ||   370
       Starburst         |       |       |       |       |       |       |       |    65 ||    65
       Statue Form       |       |       |       |       |       |       |       |     2 ||     2
       Iron Shot         |       |       |       |       |       |       |       |     6 ||     6
Invok: Slouch            |       |       |     2 |     3 |     7 |    16 |    13 |     4 ||    45
       Bend Time         |       |       |       |       |     1 |     1 |       |       ||     2
 Abil: Breathe Dispellin |       |       |    26 |    11 |    12 |    12 |     7 |     2 ||    70
Evoke: Wand              |       |       |       |     4 |     8 |    39 |     2 |     5 ||    58
       Condenser vane    |       |       |       |       |       |     6 |     4 |     2 ||    12
       Phantom mirror    |       |       |       |       |       |       |       |     1 ||     1
       Tin of tremorston |       |       |       |       |       |       |       |     1 ||     1
  Use: Scroll            |     3 |     1 |     9 |     6 |    17 |    10 |    30 |     9 ||    85
       Potion            |       |     7 |     5 |       |     2 |     1 |     5 |     5 ||    25
 Stab: Sleeping          |     7 |     7 |    23 |    20 |    26 |    26 |    29 |     4 ||   142
       Distracted        |       |       |     2 |     3 |     4 |     6 |     4 |     3 ||    22
       Paralysed         |       |       |       |     1 |       |       |       |       ||     1
       Invisible         |       |       |       |       |     1 |       |       |       ||     1
       Confused          |       |       |       |       |       |       |    12 |       ||    12
Armor: Skin              |    35 |   116 |   127 |   107 |   108 |   172 |   141 |   104 ||   910
Dodge: Dodged            |    70 |   124 |   156 |   287 |   367 |   637 |   544 |   274 ||  2459
Block: Tower shield      |       |   153 |   441 |   639 |  1009 |  1600 |  1358 |   971 ||  6171
       Reflection        |       |       |       |       |       |       |     2 |    31 ||    33
       Rpst.: Scimitar   |       |       |       |    70 |    60 |   125 |    44 |       ||   299
       Demon blade       |       |       |       |       |       |       |    58 |    37 ||    95

Table legend: (Time is in decaauts)
 A = Elapsed time spent in this place.
 B = Non-inter-level travel time spent in this place.
 C = Inter-level travel time spent in this place.
 D = Time resting spent in this place.
 E = Time spent auto-exploring this place.
 F = Levels seen in this place.
 G = Mean time per level.
                   A        B        C        D        E       F      G
               +--------+--------+--------+--------+--------+-----+--------+
         Total | 103428 |  97441 |   5987 |  18479 |  61309 |  47 | 2200.6 |
       Dungeon |  30207 |  28030 |   2177 |   3952 |  18667 |  15 | 2013.8 |
          Lair |  13547 |  12214 |   1333 |   1776 |   8557 |   6 | 2257.8 |
        Shoals |   9878 |   9557 |    321 |   2757 |   5201 |   4 | 2469.5 |
     Snake Pit |   9489 |   9173 |    316 |   3335 |   4426 |   4 | 2372.2 |
  Orcish Mines |   2753 |   2447 |    306 |    372 |   1613 |   2 | 1376.5 |
   Elven Halls |   7462 |   7168 |    294 |    687 |   5234 |   3 | 2487.3 |
        Vaults |  13208 |  12228 |    980 |   1547 |   8684 |   4 | 3302.0 |
         Crypt |   9104 |   8850 |    254 |   1730 |   5879 |   3 | 3034.7 |
        Depths |   1087 |   1085 |      2 |    270 |    563 |   2 |  543.5 |
         Sewer |   1316 |   1316 |      0 |      0 |    938 |   1 | 1316.0 |
       Ossuary |    720 |    720 |      0 |     16 |    332 |   1 |  720.0 |
        Bailey |    623 |    623 |      0 |     56 |    287 |   1 |  623.0 |
    Desolation |   4031 |   4031 |      0 |   1979 |    926 |   1 | 4031.0 |
               +--------+--------+--------+--------+--------+-----+--------+

Top non-repeatable levels by time:
Vaults:1: 4081 daAuts
Desolation: 4031 daAuts
   Elf:3: 3955 daAuts
Vaults:2: 3872 daAuts
     D:2: 3730 daAuts
 Crypt:3: 3728 daAuts
 Snake:2: 3689 daAuts
 Snake:3: 3080 daAuts
     D:4: 3067 daAuts
  Lair:1: 2999 daAuts
Shoals:2: 2996 daAuts
  Lair:6: 2922 daAuts
Vaults:4: 2878 daAuts
 Crypt:2: 2861 daAuts
Shoals:3: 2799 daAuts
